 Dungeon Crawl Stone Soup version 0.27-a0-1590-g15f69828bf (webtiles) character file.

Game seed: 12569007488236528932

91 Shayle the Skirmisher (level 4, 0/48 HPs)
             Began as an Ogre Warper on July 19, 2021.
             Slain by a river rat (5 damage)
             ... in a sewer.
             The game lasted 00:07:29 (2081 turns).

Shayle the Skirmisher (Ogre Warper)                 Turns: 2081, Time: 00:07:29

Health: 0/48       AC:  3    Str: 15    XL:     4   Next: 59%
Magic:  7/7        EV: 10    Int: 15    God:
Gold:   112        SH:  0    Dex:  8    Spells: 2/7 levels left

rFire    . . .     SeeInvis .   l - +0 scythe
rCold    . . .     Faith    .   (shield currently unavailable)
rNeg     . . .     Spirit   .   b - +0 robe
rPois    .         Reflect  .   (helmet restricted)
rElec    .         Harm     .   (no cloak)
rCorr    .         Rampage  .   (gloves unavailable)
Will     .....                  (boots unavailable)
Stlth    +.........             (no amulet)
HPRegen  0.16/turn              (no ring)
MPRegen  0.10/turn              (no ring)

@: no status effects
A: large, unfitting armour, tough skin 1
a: no special abilities


You were in a sewer.
You visited 1 branch of the dungeon, and saw 3 of its levels.
You also visited: Sewer.

You collected 112 gold pieces.

Inventory:

Hand Weapons
 a - a +0 spear
 l - a +0 scythe (weapon)
Missiles
 d - a boomerang of dispersal (quivered)
 f - 11 sling bullets
Armour
 b - a +0 robe (worn)
Jewellery
 g - a +6 ring of dexterity
 k - a ring of willpower
Scrolls
 c - a scroll of blinking
 e - a scroll of fog {unknown}
 h - a scroll of vulnerability {unknown}
 i - 2 scrolls of identify
 j - a scroll of torment {unknown}


   Skills:
 + Level 4.1 Fighting
 + Level 3.1 Polearms
 - Level 1.0 Throwing
 + Level 3.1 Dodging
 - Level 2.4 Spellcasting
 - Level 2.6 Translocations


You had 2 spell levels left.
You knew the following spells:

 Your Spells              Type           Power      Damage    Failure   Level
a - Blink                 Tloc           N/A        N/A       11%         2
b - Teleport Other        Tloc           9%         N/A       22%         3

Your spell library contained the following spells:

 Spells                   Type           Power      Damage    Failure   Level
 Gell's Gravitas          Tloc           4%         N/A       22%         3
 Lesser Beckoning         Tloc           4%         N/A       22%         3
 Inner Flame              Hex/Fire       1%         N/A       54%         3
 Manifold Assault         Tloc           9%         N/A       89%         5
 Cause Fear               Hex            0%         N/A       91%         4
 Discord                  Hex            0%         N/A       100%        8


Dungeon Overview and Level Annotations

Branches:
Dungeon (3/15)              Sewer (1/1)

Altars:


Innate Abilities, Weirdness & Mutations

You are too large for most types of armour.
You have tough skin. (AC +1)


Message History

You barely miss the river rat. The river rat bites you.
The river rat misses you.
You hit the river rat.
The river rat is moderately wounded.
The river rat closely misses you. The river rat bites you.
You barely miss the river rat.
The river rat is moderately wounded.
The river rat completely misses you. The river rat bites you!
You barely miss the river rat.
The river rat is moderately wounded.
The river rat barely misses you. The river rat bites you.
You hit the river rat but do no damage.
The river rat is moderately wounded.
The river rat bites you. The river rat barely misses you.
You barely miss the river rat.
The river rat is moderately wounded.
The river rat bites you!
* * * LOW HITPOINT WARNING * * *
You closely miss the river rat.
The river rat is moderately wounded.
The river rat bites you.
* * * LOW HITPOINT WARNING * * *
The river rat bites you.
* * * LOW HITPOINT WARNING * * *
Unknown command.
Throw: 3 boomerangs (disperse)
Press: ? - help, Q - select action, (/) - cycle Shift-Dir - straight line, f - river rat
Aim: a river rat (moderately wounded, 52% to hit)
You throw a boomerang of dispersal.
The boomerang of dispersal hits the river rat but does no damage.
The river rat is moderately wounded.
The river rat closely misses you.
Throw: 2 boomerangs (disperse)
Press: ? - help, Q - select action, (/) - cycle Shift-Dir - straight line, f/p - river rat
Aim: a river rat (moderately wounded, 52% to hit)
You throw a boomerang of dispersal.
The boomerang of dispersal hits the river rat but does no damage.
The river rat is moderately wounded.
The river rat bites you.
You die...

###
#.#
#.#
#@#
#r#
#r#
#r#
#∩#
#.#
#.#
#.#
#.#


You could see a river rat and 2 rats.

Vanquished Creatures
  A scorpion (D:3)
  A worm (D:3)
  An orc (D:3)
  2 endoplasms (D:2)
  2 giant cockroaches
  4 goblins
  2 hobgoblins
  A quokka (D:1)
  2 ball pythons
  6 bats
  4 frilled lizards
  2 kobolds (D:2)
  4 rats
32 creatures vanquished.

Notes
Turn   | Place    | Note
-------+----------+-------------------------------------------
     0 | D:1      | Shayle the Ogre Warper began the quest for the Orb.
     0 | D:1      | Reached XP level 1. HP: 22/22 MP: 3/3
   556 | D:2      | Reached skill level 3 in Fighting
   716 | D:2      | Reached XP level 2. HP: 26/31 MP: 5/5
  1438 | D:2      | Reached XP level 3. HP: 35/37 MP: 6/6
  1441 | D:2      | Learned a level 2 spell: Blink
  1445 | D:2      | Learned a level 3 spell: Teleport Other
  1622 | D:3      | Noticed a scorpion
  1957 | D:3      | Killed a scorpion
  1958 | D:3      | Reached skill level 4 in Fighting
  1958 | D:3      | Reached XP level 4. HP: 14/48 MP: 7/7
  2048 | D:3      | Found a glowing drain.
  2059 | Sewer    | Entered a sewer
  2081 | Sewer    | Slain by a river rat

Illustrated notes

Levels and vault maps discovered:
D:1:      dpeg_arrival_solitude, layout_basic, serial_forest,
          infiniplex_forest_straight_3, infiniplex_forest_lined_3_way,
          infiniplex_forest_zigzag_2, infiniplex_forest_side_room,
          infiniplex_forest_lined_corner, infiniplex_forest_lined_room_2,
          infiniplex_forest_lined_3_way, infiniplex_forest_pool,
          infiniplex_forest_straight_2, item_on_display_a
D:2:      layout_basic, chequers_ecumenical_altar_simple_redux
D:3:      layout_basic, portal_sewer_entry_b
Sewer:    sewer_kobolds

Skill      XL: |  1  2  3 |
---------------+----------+-----
Fighting       | 3 4 |  4.1
Polearms       | 3 |  3.1
Dodging        | 3 |  3.1
Throwing       | |  1.0
Spellcasting   | |  2.4
Translocations | |  2.6

Action                   |  1- 3 |  4- 6 || total
-------------------------+-------+-------++-------
Melee: Spear             |   121 |       ||   121
       Scythe            |    13 |    22 ||    35
Throw: Boomerang         |     2 |     2 ||     4
 Cast: Blink             |       |     1 ||     1
  Use: Potion            |       |     2 ||     2
       Scroll            |       |     1 ||     1
Armor: Robe              |    51 |    10 ||    61
Dodge: Dodged            |    76 |    28 ||   104

Table legend: (Time is in decaauts)
 A = Elapsed time spent in this place.
 B = Non-inter-level travel time spent in this place.
 C = Inter-level travel time spent in this place.
 D = Time resting spent in this place.
 E = Time spent auto-exploring this place.
 F = Levels seen in this place.
 G = Mean time per level.
                   A        B        C        D        E       F      G
               +--------+--------+--------+--------+--------+-----+--------+
         Total |   2110 |   2110 |      0 |    202 |    868 |   4 |  527.5 |
       Dungeon |   2075 |   2075 |      0 |    202 |    868 |   3 |  691.7 |
         Sewer |     35 |     35 |      0 |      0 |      0 |   1 |   35.0 |
               +--------+--------+--------+--------+--------+-----+--------+

Top non-repeatable levels by time:
     D:1: 835 daAuts
     D:3: 627 daAuts
     D:2: 612 daAuts
   Sewer: 35 daAuts
